 Dungeon Crawl Stone Soup version 0.29-a0-299-g4c793a2ed2 (webtiles) character file.

Game seed: 11249874591551172129

1474 Dabor the Chopper (level 8, -7/71 HPs)
             Began as a Hill Orc Monk on Mar 24, 2022.
             Was a Believer of Beogh.
             Mangled by an orc warrior
             ... wielding a +0 halberd
              (11 damage)
             ... on level 7 of the Dungeon.
             The game lasted 00:14:44 (10716 turns).

Dabor the Chopper (Hill Orc Monk)                  Turns: 10716, Time: 00:14:45

Health: -7/71      AC:  9    Str: 13 (16) XL:     8   Next: 78%
Magic:  10/10      EV: 10    Int:  7 (10) God:    Beogh [**....]
Gold:   435        SH:  0    Dex: 12 (13) Spells: 7/7 levels left

rFire   . . .      SeeInvis .   a - +0 hand axe
rCold   . . .      Faith    .   (no shield)
rNeg    . . .      Spirit   .   s - +0 scale mail
rPois   .          Reflect  .   (no helmet)
rElec   .          Harm     .   f - +0 cloak
rCorr   .          Rampage  .   h - +0 pair of gloves
Will    .....                   (no boots)
Stlth   ..........              (no amulet)
HPRegen 0.21/turn               y - ring of flight
MPRegen 0.12/turn               (no ring)

@: silenced, flying
A: hooves 1
a: Renounce Religion


You were on level 7 of the Dungeon.
You worshipped Beogh.
Beogh was pleased with you.
You visited 1 branch of the dungeon, and saw 7 of its levels.

You collected 435 gold pieces.

Inventory:

Hand Weapons
 a - a +0 hand axe (weapon)
Missiles
 q - 3 boomerangs (quivered)
Armour
 f - a +0 cloak (worn)
 h - a +0 pair of gloves (worn)
 s - a +0 scale mail (worn)
Jewellery
 e - a ring of ice
 y - a ring of flight (left hand)
Scrolls
 b - a scroll of amnesia {unknown}
 j - 5 scrolls of teleportation
 k - 3 scrolls of fog
 o - 5 scrolls of enchant armour
Potions
 n - a potion of mutation
 x - 2 potions of degeneration


   Skills:
 + Level 6.6 Fighting
 + Level 7.2 Axes
 + Level 1.7 Throwing
 + Level 4.6 Armour
 + Level 4.6 Dodging
 - Level 2.0 Stealth
 + Level 3.5 Invocations
 - Level 3.0 Evocations


You had 7 spell levels left.
You didn't know any spells.
Your spell library contained the following spells:

 Spells                   Type           Power      Damage    Failure   Level
 Apportation              Tloc           0%         N/A       89%         1
 Alistair's Intoxication  Tmut/Pois      0%         N/A       100%        5


Dungeon Overview and Level Annotations

Branches:
Dungeon (7/15)
 Temple: D:4-7

Altars:
Makhleb
Okawaru
Qazlal
Ru
Uskayaw
Zin


Innate Abilities, Weirdness & Mutations

You have large cloven feet.


Message History

You hit the orc wizard.
The orc wizard hits you but does no damage.
The orc warrior hits you with a +0 halberd!!
You are too injured to fight recklessly!
You are too injured to fight recklessly!
Okay, then.
As you read the scroll labelled QEOVYWA BESY, it crumbles to dust.
A profound silence engulfs you.
It was a scroll of silence.
The orc wizard hits you with a +0 dagger.
The orc wizard hits you but does no damage.
The orc warrior hits you with a +0 halberd!!
* * * LOW HITPOINT WARNING * * *
You hit the orc wizard.
The orc wizard is lightly wounded.
You barely miss the orc warrior. You barely miss the orc wizard.
You barely miss the orc wizard. Your kick misses the orc wizard.
The orc wizard is lightly wounded.
You hit the orc wizard but do no damage.
You barely miss the orc warrior. The orc warrior misses you.
The orc wizard hits you but does no damage. x2
You hit the orc wizard. Your kick misses the orc wizard.
The orc wizard is heavily wounded.
You hit the orc warrior but do no damage.
You hit the orc wizard but do no damage.
The orc warrior closely misses you. The orc wizard barely misses you.
The orc wizard misses you.
You hit the orc wizard. You kick the orc wizard.
The orc wizard is almost dead.
You hit the orc wizard but do no damage.
You hit the orc warrior but do no damage.
The orc warrior closely misses you. The orc wizard misses you.
The orc wizard hits you but does no damage.
Okay, then.
You closely miss the orc wizard.
The orc wizard is almost dead.
You hit the orc warrior. You hit the orc wizard.
The orc wizard hits you but does no damage.
The orc warrior hits you with a +0 halberd!
You die...
Beogh appreciates the orc warrior's killing of a heretic priest.

#.# ####### #..
#.#######.....# #..
#.......#.....# ##.
####..........# #.
#.............# #.
#.##.#..#.....#####.
#.##.#..##.......##.
#.#...).##.#####.##.
#.#@o..###.#####.##.
##..oo#.###.##.......
#...........##.##.###
###.....).#.##.##.#
####...##<#.......#
#.#.....).).##.####
#.#.#.#.#.#....#
####.#..........###
##......#.#.#.#..#


You could see an orc warrior and 2 orc wizards.

Vanquished Creatures
  A water moccasin (D:6)
  An ice beast (D:5)
  3 ogres
  A kobold brigand (D:4)
  3 scorpions
  2 necrophages
  2 electric eels (D:6)
  A jelly (D:4)
  2 hounds
  An orc priest (D:6)
  A gnoll shaman (D:6)
  4 iguanas
  2 orc wizards
  4 gnolls
  13 adders
  2 shadow imps
  5 ufetubi
  2 worms (D:2)
  3 dart slugs
  9 orcs
  6 endoplasms
  2 giant cockroaches (D:2)
  3 goblins
  8 hobgoblins
  2 jackals (D:1)
  A kobold (D:2)
  3 quokkas
  9 ball pythons
  11 bats
  3 frilled lizards
  7 rats
117 creatures vanquished.

Vanquished Creatures (others)
  A white imp (D:5)
  8 fungi (D:5)
  26 plants
35 creatures vanquished.

Grand Total: 152 creatures vanquished

Notes
Turn   | Place    | Note
-------+----------+-------------------------------------------
     0 | D:1      | Dabor the Hill Orc Monk began the quest for the Orb.
     0 | D:1      | Reached XP level 1. HP: 19/19 MP: 1/1
   457 | D:1      | Reached XP level 2. HP: 20/27 MP: 2/2
   931 | D:2      | Reached XP level 3. HP: 31/33 MP: 3/3
   955 | D:2      | Found a faded altar of an unknown god.
  1361 | D:2      | Reached skill level 1 in Armour
  1679 | D:2      | Reached XP level 4. HP: 40/40 MP: 4/4
  2863 | D:3      | Reached skill level 5 in Axes
  2863 | D:3      | Reached XP level 5. HP: 40/47 MP: 5/5
  3206 | D:3      | You fall into a shaft and drop 1 floor!
  3698 | D:4      | Noticed an ogre
  3703 | D:4      | Killed an ogre
  3704 | D:4      | Reached XP level 6. HP: 55/55 MP: 6/6
  3781 | D:4      | Noticed a fire elemental
  3786 | D:4      | Found a stormy altar of Qazlal.
  3788 | D:4      | Noticed an air elemental
  3788 | D:4      | Noticed a water elemental
  3987 | D:4      | Reached skill level 5 in Fighting
  3987 | D:4      | Reached skill level 1 in Evocations
  4718 | D:4      | Found a hide-covered altar of Uskayaw.
  4868 | D:4      | Gained mutation: You have large cloven feet. [potion of
                  | mutation]
  4897 | D:5      | Entered Level 5 of the Dungeon
  5159 | D:5      | Reached XP level 7. HP: 61/61 MP: 7/7
  5399 | D:5      | Reached skill level 6 in Axes
  5657 | D:5      | Found an iron altar of Okawaru.
  5660 | D:5      | Became a worshipper of Beogh the Brigand
  5660 | D:5      | Reached * piety under Beogh
  5660 | D:5      | Reached ** piety under Beogh
  5838 | D:5      | Found a burning altar of Makhleb.
  5855 | D:5      | Noticed a green death
  6214 | D:5      | Found a glowing silver altar of Zin.
  6215 | D:5      | Noticed an angel
  6244 | D:5      | Reached skill level 1 in Invocations
  6555 | D:6      | Reached XP level 8. HP: 29/70 MP: 5/9
  8609 | D:6      | Reached skill level 1 in Throwing
  9189 | D:6      | Reached skill level 7 in Axes
 10633 | D:7      | Found a sacrificial altar of Ru.
 10711 | D:7      | HP: 3/71 [orc warrior/+0 halberd (19)]
 10716 | D:7      | Mangled by an orc warrior

Illustrated notes

Levels and vault maps discovered:
D:1:      dpeg_arrival_line_fractal, layout_basic
D:2:      kb_forest_paths, layout_basic, hellmonk_ecumenical_altar_lost_god,
          minmay_misc_feat_room, grunt_ministairs_1,
          dreamdust_princess_corridor, hangedman_decor_push,
          kennysheep_generic_room_14
D:3:      layout_loops_corners
D:4:      layout_basic, nicolae_qazlal_style_of_elements, kennysheep_mini_moat,
          grunt_decor_mini_mirrors, minmay_parallelograms
D:5:      layout_loops_ring, grunt_temple_overflow_order_and_chaos_2,
          mainiacjoe_overflow_boulevard
D:6:      layout_basic, minmay_crystal_water, corexii_corridor_pit,
          serial_bayou_lake_a
D:7:      layout_loops_cross, lemuel_coloured_pillars_altar,
          evilmike_ruin_ashenzari, minmay_temple_entry_overgrown,
          grunt_ministairs_13, st_stairs_2, kennysheep_cluttered_room

Skill      XL: |  1  2  3  4  5  6  7  8 |
---------------+-------------------------+-----
Fighting       | 4 5 6 |  6.6
Stealth        | 2 |  2.0
Armour         | 1 2 3 4 |  4.6
Dodging        | 3 4 |  4.6
Axes           | 5 6 7 |  7.2
Evocations     | 1 2 3 |  3.0
Invocations    | 2 3 |  3.5
Throwing       | 1 |  1.7

Action                   |  1- 3 |  4- 6 |  7- 9 || total
-------------------------+-------+-------+-------++-------
Melee: Hand axe          |   105 |   191 |   227 ||   523
       Kick              |       |     8 |    70 ||    78
       Punch             |       |     1 |     3 ||     4
Throw: Boomerang         |       |    17 |    75 ||    92
Invok: Smiting           |       |       |     2 ||     2
       Convert to Beogh  |       |       |     1 ||     1
Evoke: Wand              |       |    10 |    12 ||    22
  Use: Scroll            |     3 |     6 |     3 ||    12
       Potion            |       |     7 |     8 ||    15
 Stab: Sleeping          |     7 |     4 |       ||    11
Armor: Robe              |    25 |    31 |       ||    56
       Scale mail        |       |    23 |   120 ||   143
       Skin              |       |    14 |       ||    14
Dodge: Dodged            |    81 |   110 |   117 ||   308

Table legend: (Time is in decaauts)
 A = Elapsed time spent in this place.
 B = Non-inter-level travel time spent in this place.
 C = Inter-level travel time spent in this place.
 D = Time resting spent in this place.
 E = Time spent auto-exploring this place.
 F = Levels seen in this place.
 G = Mean time per level.
                   A        B        C        D        E       F      G
               +--------+--------+--------+--------+--------+-----+--------+
         Total |  10720 |  10449 |    271 |   3430 |   5744 |   7 | 1531.4 |
       Dungeon |  10720 |  10449 |    271 |   3430 |   5744 |   7 | 1531.4 |
               +--------+--------+--------+--------+--------+-----+--------+

Top non-repeatable levels by time:
     D:6: 3148 daAuts
     D:5: 2015 daAuts
     D:2: 1657 daAuts
     D:4: 1335 daAuts
     D:3: 1123 daAuts
     D:1: 798 daAuts
     D:7: 643 daAuts
